AoeStats
← fede_08

Socotra

504643718Analyzed
2v2 RM · 26d ago on Sep 6, 2026· 32m 38s· 4 players
Game mode
Random Map
Map size
Tiny (2 player)
Population
200
Speed
Normal
Resources
Standard
Victory
Conquest
Starting age
Dark Age
Ending age
Imperial Age
RankedLock teamsTeams togetherTeam positionsShared explorationLock speedFull tech treeHidden civsTurbo modeCheats
Victory
Defeat
🇦🇷 Japanese · Argentina
1022
+15
🇦🇷 Byzantines · Argentina
1022
+15
🇺🇸 Vietnamese · United States
1008
-15
🇺🇸 Persians · United States
1006
-15
Harvtown
9:13 Loom
11:14 Feudal Age
12:10 Double-Bit Axe
15:07 Horse Collar
16:02 Fletching
20:48 Castle Age
19:49 Padded Archer Armor
20:50 Crossbowman
22:12 Thumb Ring
Booming I Promise
5:09 Loom
11:33 Feudal Age
13:31 Double-Bit Axe
22:43 Wheelbarrow
26:55 Castle Age
27:28 Bloodlines
28:21 Scale Barding Armor
[OKMPO]Carlitos
2:38 Loom
2:42 Loom
12:20 Feudal Age
13:09 Double-Bit Axe
15:08 Horse Collar
21:59 Forging
21:55 Scale Barding Armor
24:43 Castle Age
24:54 Elite Skirmisher
26:09 Husbandry
fede_08
7:09 Loom
7:29 Loom
10:38 Feudal Age
11:26 Man-at-Arms
13:32 Arson
19:55 Forging
19:46 Scale Mail Armor
22:01 Fletching
24:19 Double-Bit Axe
27:41 Castle Age
25:44 Padded Archer Armor
26:25 Horse Collar
27:56 Long Swordsman
28:24 Gambesons
29:37 Squires
28:58 Pikeman
Connection lost

Rejoining the realm…

Still unreachable

The connection could not be restored.

Session expired

The server has moved on; the page needs a fresh start.